[Event "26th Hit Open-A 2022"]
[Site "Nova Gorica"]
[Date "2022.09.19"]
[Round "6.20"]
[White "Markocic, Tine"]
[Black "Diermair, Andreas"]
[Result "0-1"]
[ECO "C12"]
[WhiteElo "2034"]
[BlackElo "2468"]
[Annotator "TA"]
[PlyCount "114"]
[EventDate "2022.09.16"]
[EventType "swiss"]
[EventCountry "SLO"]
[SourceTitle "playchess.com"]
[Source "ChessBase"]
[SourceQuality "1"]
[TimeControl "5400+30"]

1. e4 e6 2. d4 d5 3. Nc3 Nf6 4. Bg5 Bb4 5. e5 h6 6. Bd2 Bxc3 7. bxc3 Ne4 8. Qg4 Kf8 9. Nf3 c5 10. Bd3 Nxd2 11. Kxd2 c4 {[%emt 0:00:30] C12: French: Classical System: McCutcheon Variation.} 12. Be2 {[%emt 0:00:09] EASY} b5 {[%emt 0:00:37] CPLX 2.6 50 (Bc8-d7) (=25) was the old line (12...Nc6).} (12... Bd7 $15) 13. h4 $11 {[%emt 0:07:19] BESTDEEP} Nc6 {[%emt 0:00:32] CPLX 2.7 27 (Nb8-d7) (=26). Black is slightly better.} 14. a3 {[%emt 0:08:53] BESTDEEP} Bd7 {[%emt 0:00:53] CPLX 3.2 8 (a7-a5) (=21) was the old line (14...a5).} 15. Qf4 {[%emt 0:02:00] CPLX 3.2} a5 {[%emt 0:01:32] CPLX 3.2} 16. g4 {[%emt 0:01:19][%cal Bg2g4,Bg4g5][%mdl 32] CPLX 3.2 14 (h4-h5) (=2)} Rb8 {[%emt 0:21:28] CPLX 3.3 20 (Bd7-e8) (=18)} 17. g5 {[%emt 0:03:18] CPLX 3.3} Qe7 {[%emt 0:01:41] [#] BESTDEEP} 18. g6 $146 {[%emt 0:08:56] EASY} ({Predecessor:} 18. h5 hxg5 19. Nxg5 Rh6 20. Nf3 b4 21. axb4 axb4 22. Rag1 bxc3+ 23. Ke3 Be8 24. Rg6 {½-½ (37) Apaydin,F (2210)-Popov,V (2580) Kemer 2007}) 18... Kg8 {[%emt 0:05:03] CPLX 3.8 35 (b5-b4) (=18)} 19. Qxf7+ {[%emt 0:08:25] CPLX 4.1 25 (g6xf7) (=4)} Qxf7 {[%emt 0:00:05] LEGAL} 20. gxf7+ {[%emt 0:00:10] RECAPT} Kxf7 {[%emt 0:00:04] RECAPT} 21. h5 {[%emt 0:00:10] CPLX 2.5} Rhf8 {[%emt 0:03:26] CPLX 2.6 47 (b5-b4) (=17)} (21... b4 $11 {is more appropriate.}) 22. Nh4 $1 $14 {[%emt 0:04:13] DEEPSTRONG} Kg8 {[%emt 0:02:38] CPLX 2.7 7 (Nc6-e7) (=16)} 23. Rh2 {[%emt 0:02:39] CPLX 2.5 38 (Ra1-f1) (=6)} b4 {[%emt 0:02:19] RELBLUND 54 (Nc6-e7) (=19)} ({Black should try} 23... Ne7 $11) 24. axb4 {[%emt 0:02:07] CPLX 2.8} axb4 {[%emt 0:00:02] RECAPT} 25. cxb4 {[%emt 0:01:46] RECAPT 40 (Nh4-g6) (=8)} Nxd4 {[%emt 0:04:09] EASY} 26. Ra7 {[%emt 0:00:16] RELBLUND 102 (Nh4-g6) (=14)} (26. Ng6 $11 {remains equal.}) 26... Rf7 {[%emt 0:08:43] Black has more active pieces. RELBLUND 78 (c4-c3) (=20)} (26... c3+ $17 27. Kd3 Nxe2 28. Rxd7 Nf4+ 29. Kxc3 Rfc8+ 30. Kd2 Rxb4) 27. Bg4 {[%emt 0:00:55] CPLX 3.2 0 (c2-c3) (=13)} c3+ {[%emt 0:00:13] CPLX 3.0 10 (Kg8-h7) (=20)} 28. Kd3 {[%emt 0:02:48] CPLX 2.9} Rxb4 {[%emt 0:04:37] [#] White must now prevent ...Bb5+. CPLX 3.7 39 (Bd7-e8) (=21)} (28... Be8 $5 29. Rxf7 Bxf7 30. Kxc3 Nc6 $15) 29. Ra8+ {[%emt 0:01:53] CPLX 4.2} Rf8 $1 {[%emt 0:00:05] DEEPSTRONG} (29... Kh7 $2 30. Ng6 Bb5+ 31. Kxc3 Rc7+ 32. Kxb4 $18) 30. Rxf8+ {[%emt 0:00:05] EASY} Kxf8 {[%emt 0:00:02] RECAPT} 31. Ng6+ $1 {[%emt 0:01:21] CPLX 2.7} Kf7 {[%emt 0:00:44] ...Bb5+ is the strong threat. CPLX 2.6 0 (Kf8-e8) (=18)} 32. Kxc3 {[%emt 0:02:21] MISSDEEP-Bg4-d1 79 (Bg4-d1) (=14)} (32. Bd1 $1 $11 {keeps the balance.}) 32... Rc4+ $17 {[%emt 0:00:15] EASY} 33. Kd3 {[%emt 0:00:09] CPLX 2.7} Nxc2 {[%emt 0:00:36] aiming for ...Nb4+. CPLX 3.1} 34. f4 $2 {[%emt 0:07:24][%mdl 8192] RELBLUND 371 (Rh2-h3) (=28)} (34. Rh3 $17 {is more resistant.} Ke8 35. f4) 34... Nb4+ {[%emt 0:00:41] CPLX 3.8 85 (Nc2-e1) (=19)} 35. Ke3 {[%emt 0:00:07] EASY} d4+ {[%emt 0:04:33] CPLX 2.8} 36. Kf3 {[%emt 0:00:18] CPLX 2.5} Rc3+ {[%emt 0:02:02] BESTDEEP} ({Worse is} 36... Bc6+ 37. Kg3 $17) 37. Ke4 {[%emt 0:00:37] EASY} Rc4 {[%emt 0:02:55][%cal Rd7c6] CPLX 3.7 270 (Nb4-c2) (=27)} 38. Kf3 {[%emt 0:00:28] DEEPSTRONG=>BLUNDERREACT} Bc6+ {[%emt 0:02:12] EASY} 39. Kg3 {[%emt 0:04:13] CPLX 2.4} Be4 {[%emt 0:04:34] Inhibits f5. CPLX 2.5 87 (Rc4-c3) (=28)} ({Better is} 39... Rc3+ $19 40. Kh4 Nc2) 40. Rf2 $2 {[%emt 0:01:21] CPLX 2.5 215 (Rh2-b2) (=29)} (40. Rb2 $17) 40... Rc3+ $19 {[%emt 0:04:28] CPLX 2.5} 41. Kh4 {[%emt 0:00:13] CPLX 2.5} Rc2 {[%emt 0:01:07] Against Rb2. BESTDEEP} 42. Rf1 {[%emt 0:00:40] BESTDEEP} d3 {[%emt 0:02:49] BESTDEEP} 43. f5 $2 {[%emt 0:00:44] CPLX 2.8 400 (Rf1-a1) (=39)} (43. Ra1 Rh2+ 44. Kg3 Rg2+ 45. Kh3 Rxg4 46. Kxg4) 43... exf5 {[%emt 0:01:16] Strongly threatening ...Rh2+. CPLX 3.1} 44. Bxf5 {[%emt 0:01:00] RELBLUND 400 (Bg4-d1) (=50)} Bxf5 {[%emt 0:00:07] RECAPT} 45. Rxf5+ {[%emt 0:00:06][%mdl 4096] Endgame KRN-KRN. MISSDEEP-Ng6-f4 400 (Ng6-f4) (=60)} Ke6 {[%emt 0:00:14] EASY} 46. Rf8 {[%emt 0:01:31] MISS-Rf5-f1 400 (Rf5-f1) (=69)} d2 {[%emt 0:02:18] DEEPSTRONG} 47. Rd8 {[%emt 0:00:06] RELBLUND} Nc6 {[%emt 0:04:57][%csl LRd8,LRe5] CPLX 3.3} 48. Rd6+ {[%emt 0:00:10] EASY} Kf5 {[%emt 0:00:19] ( -> ...Rc4+). CPLX 3.3} 49. e6 {[%emt 0:01:16] MISSDEEP-Kh4-g3 400 (Kh4-g3) (=74)} Rc4+ {[%emt 0:02:34] EASY} 50. Kg3 {[%emt 0:01:19] RELBLUND} Nd4 {[%emt 0:04:32] CPLX 3.5 11 (Rc4-g4) (=21)} 51. e7 {[%emt 0:00:32] RELBLUND 15 (Ng6-h4) (=71)} d1=Q {[%emt 0:00:54] CPLX 4.0 2 (Rc4-c3) (=20)} 52. Nh4+ {[%emt 0:01:24] BESTDEEP} Kg5 {[%emt 0:02:21] BESTDEEP} 53. Rg6+ {[%emt 0:01:52] BESTDEEP} Kxh5 {[%emt 0:00:02] LEGAL} 54. e8=Q {[%emt 0:00:08] EASY} Rc3+ {[%emt 0:03:03] CPLX 5.2 7 (Qd1-g1) (=19)} 55. Kh2 {[%emt 0:00:43] EASY} Qe2+ {[%emt 0:00:20] RELBLUND 400 (Kh5xh4) (=27)} (55... Kxh4 $142 56. Qd8+ Kh5 57. Qa5+ {[#]} Nb5 $1 58. Qxb5+ Kxg6 59. Qe8+ Kf5 60. Qf7+ Ke4 61. Qe8+ Kd3 62. Qd7+ Kc2 63. Qa4+ Kc1 64. Qa1+ Kd2 65. Qa5 Qg4 66. Kh1 Qh4+ 67. Kg2 Qg5+ 68. Qxg5+ hxg5 69. Kf2 Kd1 70. Kf1 Rc2 71. Kg1 Ke1 72. Kh1 Kf2 73. Kh2 Rc4 74. Kh3 Rh4#) 56. Ng2 {[%emt 0:02:33] MISS-Qe8xe2 400 (Qe8xe2) (=72)} Nf3+ {[%emt 0:00:55] CPLX 5.6} ({Not} 56... Qxe8 57. Nf4+ Kh4 58. Ng2+ Kh5 59. Nf4+ Kh4 60. Ng2+ Kh5 $11) 57. Kh3 {[%emt 0:01:29] RELBLUND 5 (Kh2-g3) (=70)} Ng5+ {[%emt 0:00:11] Weighted Error Value: White=0.81/Black=0.37} ({Don't do} 57... Qxe8 58. Nf4#) 0-1

[Event "26th Hit Open-A 2022"]
[Site "Nova Gorica"]
[Date "2022.09.19"]
[Round "6.21"]
[White "Acimovic, Sergej"]
[Black "Rakesh Kumar Jena"]
[Result "0-1"]
[ECO "A87"]
[WhiteElo "2114"]
[BlackElo "2321"]
[Annotator "TA"]
[PlyCount "86"]
[EventDate "2022.09.16"]
[EventType "swiss"]
[EventCountry "SLO"]
[SourceTitle "playchess.com"]
[Source "ChessBase"]
[SourceQuality "1"]
[TimeControl "5400+30"]

1. d4 c5 2. d5 f5 3. Nf3 Nf6 4. g3 g6 5. Bg2 Bg7 6. O-O O-O 7. c4 d6 8. Nc3 Na6 {[%emt 0:04:18] BESTDEEP} 9. a3 {[%emt 0:11:35] BESTDEEP. A87: Dutch Defence: Leningrad System: 5 Nf3.} Nc7 {[%emt 0:02:22] CPLX 2.0 6 (b7-b6) (=3)} 10. Qc2 {[%emt 0:02:06] CPLX 2.0 32 (Ra1-b1) (=16)} Qe8 {[%emt 0:05:46] CPLX 2.0 37 (Ra8-b8) (=14)} 11. a4 {[%emt 0:04:01] [#] CPLX 2.0 17 (b2-b4) (=16). White is slightly better.} Na6 $146 {[%emt 0:06:36] CPLX 2.1 8 (h7-h6) (=13)} ({Predecessor:} 11... e5 12. e4 h6 13. Nh4 Nh7 14. exf5 gxf5 15. g4 f4 16. Be4 Ng5 17. f3 Qd8 {1-0 (34) Goland,M-Uchitel,S (2120) Moscow 1998}) 12. Bd2 {[%emt 0:03:48] CPLX 2.0} h6 {[%emt 0:09:35] BESTDEEP} 13. Ne1 {[%emt 0:06:15] CPLX 2.0 8 (Nc3-b5) (=11)} g5 {[%emt 0:06:02] CPLX 2.0 1 (Na6-b4) (=9)} 14. Nd3 {[%emt 0:02:37] CPLX 2.0} Qh5 {[%emt 0:05:43][%cal Of5f4] CPLX 2.0 16 (Qe8-g6) (=10)} 15. f3 {[%emt 0:08:02] CPLX 2.4} Qg6 {[%emt 0:07:15] CPLX 2.4 0 (Na6-c7) (=9)} 16. Nb5 {[%emt 0:04:26] CPLX 2.0 32 (Ra1-e1) (=11)} f4 {[%emt 0:06:22] CPLX 2.1} 17. Qc1 {[%emt 0:07:42] CPLX 2.8 41 (Qc2-b3) (=14)} fxg3 {[%emt 0:11:24] CPLX 2.7 11 (Na6-b4) (=8)} 18. hxg3 {[%emt 0:00:07] RECAPT} Nh5 {[%emt 0:00:09] BESTDEEP} 19. Be1 {[%emt 0:00:53] CPLX 2.8 49 (Kg1-h2) (=16)} (19. Kh2 $11) 19... Bd7 {[%emt 0:01:56][%cal Oa6b4] CPLX 2.8 16 (Na6-b4) (=8)} 20. Ra3 {[%emt 0:06:07] CPLX 2.9 41 (Qc1-b1) (=18)} Nb4 $1 {[%emt 0:02:35] White must now prevent ...a6. CPLX 3.0} 21. Bf2 {[%emt 0:07:47] CPLX 3.3 102 (Qc1-d2) (=25)} (21. Qd2 $15) 21... Nxd3 $19 {[%emt 0:02:20] CPLX 3.3=>BLUNDERREACT} 22. Rxd3 {[%emt 0:01:11] [#] RECAPT} Be5 $1 {[%emt 0:00:14] BESTDEEP} 23. Qe1 {[%emt 0:04:29] DEEPSTRONG} Bxb2 {[%emt 0:06:11] CPLX 3.1 56 (Rf8-f7) (=9)} (23... Rf7 $142) 24. Nc3 $17 {[%emt 0:00:11] DEEPSTRONG} Ba3 {[%emt 0:01:15] Black has more active pieces. CPLX 2.9 74 (b7-b6) (=13)} (24... b6 $17) 25. Na2 $1 $11 {[%emt 0:01:25] DEEPSTRONG} Bb2 {[%emt 0:00:52] Strongly threatening ...Be5. EASY} 26. Rb3 {[%emt 0:00:46] [#] MISSDEEP-Na2-c3 132 (Na2-c3) (=25)} (26. Nc3 $1 $11) 26... Be5 {[%emt 0:00:07] CPLX 3.0 51 (Qg6-c2) (=15)} (26... Qc2 $142 $1 27. Rxb7 Bc8) 27. Rxb7 $17 {[%emt 0:00:54] EASY} Bxa4 {[%emt 0:05:57][%cal Bd7a4,Ba4c2,Bc2f5][%mdl 32] ...Qc2 is the strong threat. CPLX 3.2} 28. Nc3 {[%emt 0:00:07] CPLX 2.8} Bc2 {[%emt 0:01:00] BESTDEEP} 29. Rxe7 {[%emt 0:01:02] CPLX 2.8 5 (Nc3-b5) (=22)} Qf6 {[%emt 0:00:33] CPLX 3.2 76 (Ra8-e8) (=16)} (29... Rae8 $17 30. Rxe8 Rxe8) 30. Re6 $11 {[%emt 0:00:03] EASY} Qg7 $36 {[%emt 0:01:16][%mdl 2048] Black has good play. BESTDEEP} 31. Nb5 {[%emt 0:02:30] CPLX 3.0} Bf5 {[%emt 0:03:07] BESTDEEP} 32. Rxd6 {[%emt 0:00:10][%mdl 8192] MISSDEEP-Re6xe5 271 (Re6xe5) (=30)} (32. Rxe5 $1 $11 {and White stays safe.} Qxe5 33. g4) 32... a6 $19 {[%emt 0:00:09] EASY} 33. Rb6 {[%emt 0:02:12] CPLX 3.5 280 (e2-e4) (=40)} ({Don't blunder} 33. f4 $2 gxf4 34. Nc7 Bxd6 $19) (33. e4 {was worth a try.} Bh7 34. Re6 (34. f4 $2 gxf4 35. Bh3 fxg3 $19) 34... axb5 35. cxb5) 33... axb5 {[%emt 0:00:16] EASY} 34. Rxb5 {[%emt 0:00:01] CPLX 3.6 45 (g3-g4) (=41)} Bc3 {[%emt 0:03:22] MISS-Ra8-a1 51 (Ra8-a1) (=15)} 35. Qd1 {[%emt 0:00:38] BESTDEEP} Ra2 {[%emt 0:04:53] BESTDEEP} ({Wrong is} 35... Ra1 $2 36. Qb3 Rxf1+ 37. Bxf1 $19) 36. e4 {[%emt 0:01:05] CPLX 3.3 224 (d5-d6) (=46)} (36. d6 $142 Rd2 37. Qb3) 36... Rd2 {[%emt 0:01:55] CPLX 5.2 91 (Bf5-d7) (=17)} 37. Qc1 {[%emt 0:00:27] CPLX 5.5} Bd7 {[%emt 0:01:00] CPLX 5.3 229 (Rd2xf2) (=24)} 38. Rb7 $2 {[%emt 0:00:43] [#] MISSDEEP-Rb5-b3 400 (Rb5-b3) (=56)} (38. Rb3 Rxf2 39. Qxc3 Qxc3 40. Rxc3 Rxf1+ 41. Bxf1) 38... Rxf2 $1 {[%emt 0:00:30][%mdl 512] BESTDEEP} 39. Rxf2 {[%emt 0:00:17] RECAPT} Bd4 {[%emt 0:00:00][%cal Og7e5] And now ...Qe5! would win. A strong pair of Bishops. EASY} 40. Qc2 {[%emt 0:00:56] MISS-g3-g4 400 (g3-g4) (=65)} Nxg3 {[%emt 0:00:50] CPLX 5.3=>BLUNDERREACT} 41. Bh3 {[%emt 0:00:41] MISS-e4-e5 400 (e4-e5) (=75)} Bxf2+ {[%emt 0:00:16] CPLX 6.9} 42. Qxf2 {[%emt 0:00:03] RECAPT} Qa1+ {[%emt 0:00:14] CPLX 6.0} 43. Kh2 {[%emt 0:00:22] MISS-Bh3-f1 400 (Bh3-f1) (=82)} Qh1+ {[%emt 0:00:01] Weighted Error Value: White=0.93/Black=0.26 (precise)} 0-1

[Event "26th Hit Open-A 2022"]
[Site "Nova Gorica"]
[Date "2022.09.19"]
[Round "6.22"]
[White "Walker, Samuel A"]
[Black "Goroshkov, Maksym"]
[Result "0-1"]
[ECO "B38"]
[WhiteElo "2028"]
[BlackElo "2315"]
[Annotator "TA"]
[PlyCount "76"]
[EventDate "2022.09.16"]
[EventType "swiss"]
[EventCountry "SLO"]
[SourceTitle "playchess.com"]
[Source "ChessBase"]
[SourceQuality "1"]
[TimeControl "5400+30"]

1. Nf3 Nf6 2. c4 d6 3. d4 g6 4. Nc3 Bg7 5. e4 O-O 6. Be2 c5 7. O-O cxd4 8. Nxd4 Nc6 9. Be3 Bd7 10. Qd2 Ng4 11. Bxg4 Bxg4 12. f3 Bd7 {[%emt 0:03:43] CPLX 2.9} 13. Rac1 {[%emt 0:08:04] CPLX 2.5 1 (Nc3-d5) (=1). B38: Sicilian: Maroczy Bind with 5...Bg7 and 7...0-0.} Rc8 {[%emt 0:08:16] CPLX 2.6} 14. b3 {[%emt 0:01:08] CPLX 2.5} Qa5 {[%emt 0:02:57] CPLX 2.6} 15. Rfd1 {[%emt 0:05:06] [#] BESTDEEP. White is slightly better.} f5 $146 {[%emt 0:03:03] CPLX 2.7 10 (Nc6xd4) (=3)} ({Predecessor:} 15... Qh5 16. Nd5 Rfe8 17. Nf4 Qe5 18. Nxc6 Bxc6 19. Bxa7 Ra8 20. Be3 Ra3 21. Nd3 Qh5 {0-1 (35) Mendez Fortes,E (2250)-Costachi,M (2463) Chess.com INT 2022}) 16. Nd5 {[%emt 0:01:40] CPLX 2.9 16 (e4xf5) (=4)} Qd8 {[%emt 0:04:55] RELBLUND 71 (Qa5xd2) (=16)} (16... Qxd2 $11 {keeps the balance.} 17. Rxd2 Kf7) 17. exf5 $16 {[%emt 0:03:00] CPLX 3.0} gxf5 {[%emt 0:02:29] RECAPT 35 (Bd7xf5) (=19)} 18. Kh1 {[%emt 0:09:28] CPLX 2.9 34 (Nd4-b5) (=9)} Kh8 {[%emt 0:02:36] CPLX 3.0 38 (Rf8-f7) (=22)} 19. Qe1 {[%emt 0:11:53] CPLX 2.9 41 (Nd4-b5) (=13)} Qe8 {[%emt 0:07:39] CPLX 2.9 5 (Bg7xd4) (=20)} 20. Qh4 $1 {[%emt 0:06:57] CPLX 2.9} e6 {[%emt 0:03:56] EASY} 21. Nc3 {[%emt 0:05:10] CPLX 3.8} Bf6 {[%emt 0:01:29] CPLX 3.5 0 (f5-f4) (=16)} 22. Bg5 {[%emt 0:06:50] MISSDEEP-Qh4-e1 85 (Qh4-e1) (=18)} ({Better is} 22. Qe1 $1 $16) 22... Bxd4 $11 {[%emt 0:01:16] EASY} 23. Rxd4 {[%emt 0:00:09] RECAPT} Nxd4 {[%emt 0:00:16] RECAPT} 24. Qxd4+ {[%emt 0:01:20] RECAPT} ({But not} 24. Bf6+ Kg8 25. Bxd4 e5 26. Bxa7 Bc6 $15) 24... e5 {[%emt 0:06:10] EASY} 25. Qxd6 {[%emt 0:00:30] CPLX 3.3 12 (Qd4-h4) (=15)} Rc6 {[%emt 0:00:16] CPLX 3.1} 26. Qd2 {[%emt 0:04:04] CPLX 3.5 0 (Qd6-d3) (=14)} Rg6 {[%emt 0:02:41] CPLX 3.0 4 (f5-f4) (=11)} 27. Nd5 {[%emt 0:01:13] aiming for Re1. CPLX 3.1 4 (Rc1-e1) (=13)} Bc6 {[%emt 0:02:52] RELBLUND 59 (f5-f4) (=14)} (27... f4 $11 28. Bh4 Rh6) 28. Re1 $1 $14 {[%emt 0:06:00][%cal Od2c3] Hoping for Qc3! DEEPSTRONG} Bxd5 {[%emt 0:13:38] CPLX 3.3} 29. cxd5 {[%emt 0:00:30][%cal Bc4d5,Bd5d6][%mdl 32] RECAPT} e4 {[%emt 0:00:48] CPLX 3.2 37 (Rf8-g8) (=14)} 30. d6 $1 {[%emt 0:11:21] DEEPSTRONG} Qd7 {[%emt 0:00:51] BESTDEEP} 31. Be7 {[%emt 0:01:36] EASY} ({Much weaker is} 31. fxe4 Rxd6 32. Qf2 Rd1 $17) 31... Rf7 {[%emt 0:00:19] CPLX 5.0 0 (Rf8-e8) (=13)} 32. Qc3+ {[%emt 0:03:05] CPLX 4.8 67 (f3xe4) (=13)} (32. fxe4 $16 {Threatens to win with Qc3+.} Rxe7 33. dxe7 $1 Qxd2 34. e8=Q+ Rg8 35. Qe5+ Rg7 36. Rg1) 32... Kg8 {[%emt 0:00:08] EASY} 33. fxe4 {[%emt 0:02:24] CPLX 4.2 17 (h2-h3) (=13)} (33. h3 $5 ) 33... fxe4 {[%emt 0:00:14] RECAPT} 34. Qd4 $2 {[%emt 0:05:24][%mdl 8192] [#] This costs White the game. RELBLUND 332 (Re1-c1) (=28)} (34. Rc1 $11) 34... Rxg2 $3 $19 {[%emt 0:02:38][%mdl 512] DEEPSTRONG=>BLUNDERREACT} 35. Qxe4 {[%emt 0:01:32] MISS-Kh1xg2 11 (Kh1xg2) (=27)} Rg6 {[%emt 0:00:32] ...Qh3 is the strong threat. CPLX 5.3 14 (Rg2-g4) (=11)} 36. a4 $2 {[%emt 0:02:45] MISS-Qe4-d5 373 (Qe4-d5) (=41)} (36. Qd5) 36... Qh3 {[%emt 0:02:04] ( -> ...Rf1+). CPLX 4.0=>BLUNDERREACT} 37. Qd5 {[%emt 0:01:46] [#] MISSDEEP-Qe4-e2 400 (Qe4-e2) (=56)} Kh8 $1 {[%emt 0:01:31][%cal Oh3f1] CPLX 5.6=>BLUNDERREACT} 38. Qe5+ {[%emt 0:01:50] RELBLUND 30 (Be7-f6) (=55)} (38. Bf6+ Rgxf6) 38... Rgg7 {[%emt 0:00:06] Weighted Error Value: White=0.60/Black=0.11 (very precise)} (38... Rfg7 $142 39. Bg5 Qf3+ 40. Kg1 Rxg5+ 41. Qg3 Rxg3+ 42. hxg3 Rxg3+ 43. Kh2 Qg2#) 0-1

[Event "26th Hit Open-A 2022"]
[Site "Nova Gorica"]
[Date "2022.09.19"]
[Round "6.23"]
[White "Kepplinger, Lukas"]
[Black "Guid, Matej"]
[Result "0-1"]
[ECO "D31"]
[WhiteElo "1994"]
[BlackElo "2292"]
[Annotator "TA"]
[PlyCount "100"]
[EventDate "2022.09.16"]
[EventType "swiss"]
[EventCountry "SLO"]
[SourceTitle "playchess.com"]
[Source "ChessBase"]
[SourceQuality "1"]
[TimeControl "5400+30"]

1. d4 d5 2. c4 e6 3. Nf3 c6 4. Nc3 dxc4 5. a4 Bb4 6. Qc2 b5 {[%emt 0:01:44] D31: Queen's Gambit Declined: Semi-Slav without ...Nf6 (+ Marshall Gambit and Noteboom) and Exchange Variation lines without ...Nf6.} 7. e3 a5 8. Bd2 Nf6 {[%emt 0:05:05] Black has an edge.} 9. axb5 Bxc3 10. Qxc3 (10. Bxc3 {with more complications.} cxb5 11. b3 Bb7 12. bxc4 b4 13. Bd2) 10... cxb5 11. Rxa5 {[%emt 0:13:06] [#]} (11. b3 $1 $11) 11... Rxa5 (11... Nd5 $1 $17 12. Rxa8 (12. Qa3 b4 $17) 12... Nxc3 13. Rxb8 Qc7 14. Rxc8+ Qxc8 15. bxc3 Qa8) 12. Qxa5 $11 Qxa5 13. Bxa5 Nc6 14. Bd2 {[%emt 0:13:15][%cal Ob2b3] [#]} Ne4 $146 ({Predecessor:} 14... Ba6 15. Be2 O-O 16. O-O Ne4 17. b3 c3 18. Ra1 cxd2 19. Rxa6 Nb4 20. Ra1 Rc8 {0-1 (30) Mont Reynaud,J-Pozarek,S (2180) Philadelphia 1994}) 15. Be2 Bb7 {[%emt 0:00:57] And now ...Ke7 would win.} 16. O-O g5 {[%emt 0:00:19] White must now prevent ...g4.} 17. Bc3 O-O 18. Ra1 Rd8 19. Be1 f5 20. b3 g4 21. bxc4 (21. Nh4 $11 cxb3 22. Rb1) 21... gxf3 $15 22. gxf3 Ng5 23. h4 {[%emt 0:01:11] [#]} Nxd4 $1 24. exd4 Nxf3+ 25. Bxf3 Bxf3 $11 {[%emt 0:00:02][%mdl 4096] Endgame KRB-KRB} 26. Ra3 Be2 27. cxb5 Bxb5 28. Bc3 Kf7 29. Ra7+ Kg6 30. h5+ Kh6 31. Bd2+ Kxh5 32. Rxh7+ Kg4 33. Bc3 (33. Rg7+ $11 {keeps the balance.} Kf3 34. Rg3+ Ke2 35. Ba5) 33... Rg8 {[%emt 0:00:21] Hoping for ...Kf3+.} 34. d5 Kf3+ 35. Kh2 Rg2+ 36. Kh1 $1 {[%emt 0:00:49] Strongly threatening Rh3+.} Rxf2 (36... exd5 37. Rh3+ Kxf2 38. Bd4+ Ke1 39. Kxg2 $11) 37. dxe6 Bc6 $1 {[%emt 0:01:03] ( -> ...Ke2+)} 38. Kg1 Rg2+ 39. Kf1 Bb5+ 40. Ke1 Re2+ 41. Kd1 Ba4+ 42. Kc1 Rxe6 ({Reject} 42... Rc2+ 43. Kb1 $11) 43. Bd2 Rc6+ 44. Kb1 Bc2+ 45. Kb2 Be4 {[%emt 0:00:22] Threatens to win with ...Rc2+.} 46. Kb3 Rd6 47. Bc1 Rd1 48. Bg5 Rg1 49. Be7 f4 50. Bd6 $2 Bxh7 {[%emt 0:00:05] Weighted Error Value: White=0.30/Black=0.09 (flawless)} 0-1

[Event "26th Hit Open-A 2022"]
[Site "Nova Gorica"]
[Date "2022.09.19"]
[Round "6.24"]
[White "Pirs, Matjaz"]
[Black "Stevanic, David"]
[Result "0-1"]
[ECO "C55"]
[WhiteElo "2203"]
[BlackElo "2261"]
[Annotator "TA"]
[PlyCount "84"]
[EventDate "2022.09.16"]
[EventType "swiss"]
[EventCountry "SLO"]
[SourceTitle "playchess.com"]
[Source "ChessBase"]
[SourceQuality "1"]
[TimeControl "5400+30"]

1. e4 e5 2. Nf3 Nc6 3. Bc4 Nf6 4. d3 Be7 5. Nc3 d6 6. h3 Na5 7. Bb3 Nxb3 8. axb3 O-O 9. O-O Re8 10. Be3 {[%emt 0:08:44] C55: Two Knights: 4 d3, 4 d4 exd4 5 e5 and Max Lange Attack.} b6 11. d4 Bb7 {[%emt 0:04:38] [#]} 12. Qd3 $146 {[%emt 0:14:23] The position is equal.} ({Predecessor:} 12. dxe5 Nxe4 13. exd6 Nxc3 14. bxc3 Bxd6 15. Nd4 Qf6 16. Qg4 Qe5 17. Rfe1 Qh2+ 18. Kf1 h5 19. Qxh5 Rxe3 20. Rxe3 Qh1+ 21. Ke2 Qxa1 22. Nf3 Qa5 23. Ng5 Qf5 24. Qh4 {0-1 (24) Ciloglu,D (1770)-Sanal,V (2210) Konya 2011}) 12... exd4 (12... a5 $5 ) 13. Nxd4 Nd7 (13... d5 {keeps more tension.} 14. e5 Nd7 15. e6 Ne5) 14. f3 g6 15. Qd2 Bh4 (15... Nf6 $11 {is more appropriate.}) 16. Nde2 a5 17. Rfd1 Qe7 18. Nf4 Rac8 (18... Qd8 $11) 19. Nfd5 (19. b4 $5) 19... Bxd5 20. Nxd5 Qe6 21. Qc3 Bd8 22. Bd4 c6 23. Nf4 (23. Bh8 $2 f6 24. Nf4 Qf7 25. Rxd6 Bc7 26. Rxd7 (26. Rxc6 $2 Be5 $19) 26... Qxd7 27. Nxg6 hxg6 $19) 23... Qe7 24. Re1 ({Not} 24. Bh8 $2 f6 25. Bxf6 (25. Nd5 $2 Qf8 $19) 25... Nxf6 $19) 24... Ne5 25. Nd3 Nxd3 26. Qxd3 Bc7 27. Bc3 Qg5 (27... d5 $5) 28. Bd2 Qg3 29. f4 Qxd3 30. cxd3 d5 31. Rac1 c5 32. Kf2 ({Much weaker is} 32. exd5 Red8 33. g3 Rxd5 $17) 32... dxe4 33. Rxe4 Red8 34. Ke2 Bd6 35. Bc3 (35. Re1 $11 {keeps the balance.}) 35... f5 $17 36. Re6 Bxf4 37. Rf1 (37. Rd1 $17 {was necessary.}) 37... Re8 $19 38. Rxe8+ Rxe8+ 39. Kf3 g5 40. g3 $2 {[%emt 0:00:10] [#]} (40. Rd1 {is more resistant.}) 40... Re3+ {[%emt 0:00:32] Black is clearly winning.} 41. Kf2 Rxg3 42. Re1 Kf7 {[%emt 0:00:45] Weighted Error Value: White=0.37/Black=0.11 (very precise)} 0-1

[Event "26th Hit Open-A 2022"]
[Site "Nova Gorica"]
[Date "2022.09.19"]
[Round "6.25"]
[White "Vah, Denis"]
[Black "Zamar Kodelja, Jurij"]
[Result "0-1"]
[ECO "E90"]
[WhiteElo "1988"]
[BlackElo "2241"]
[Annotator "RC"]
[PlyCount "58"]
[EventDate "2022.09.16"]
[EventType "swiss"]
[EventCountry "SLO"]
[SourceTitle "playchess.com"]
[Source "ChessBase"]
[SourceQuality "1"]
[TimeControl "5400+30"]

1. d4 Nf6 2. c4 g6 3. Nc3 Bg7 4. e4 d6 5. h3 O-O 6. Nf3 e5 7. d5 a5 8. g4 Na6 9. Be3 Nd7 10. Rg1 Ndc5 11. h4 c6 12. h5 cxd5 13. cxd5 Bd7 14. hxg6 fxg6 15. Ng5 h6 16. Ne6 Nxe6 17. dxe6 Bxe6 18. Qd2 Nb4 19. Rd1 Qf6 20. Bb5 Qh4 21. a3 Nc6 22. Qxd6 Bb3 23. Nd5 Kh7 24. Bxc6 bxc6 25. Qxc6 Bxd1 26. Kxd1 Qh2 27. Re1 Qg2 28. Qd7 Rad8 29. Qa4 Qxg4+ 0-1

[Event "26th Hit Open-A 2022"]
[Site "Nova Gorica"]
[Date "2022.09.19"]
[Round "6.27"]
[White "Alexandrova, Angelina"]
[Black "Zubova, Mariya"]
[Result "0-1"]
[ECO "D78"]
[WhiteElo "1842"]
[BlackElo "2214"]
[Annotator "RC"]
[PlyCount "95"]
[EventDate "2022.09.16"]
[EventType "swiss"]
[EventCountry "SLO"]
[SourceTitle "playchess.com"]
[Source "ChessBase"]
[SourceQuality "1"]
[TimeControl "5400+30"]

1. d4 Nf6 2. Nf3 g6 3. g3 Bg7 4. Bg2 O-O 5. O-O d5 6. c4 c6 7. Nc3 Ne4 8. Nxe4 dxe4 9. Ng5 Qxd4 10. Qxd4 Bxd4 11. Rd1 Bg7 12. Nxe4 Na6 13. a3 Be6 14. Bg5 Rfe8 15. Rac1 f5 16. Nd2 Rad8 17. Rc2 Nc5 18. Rb1 Bf7 19. b3 Ne6 20. Nf3 Rd7 21. Rd2 Rxd2 22. Bxd2 Rd8 23. Be3 c5 24. Ng5 Nxg5 25. Bxg5 Rd7 26. Kf1 b6 27. e4 Bd4 28. Re1 Bc3 29. Rb1 Kg7 30. Ke2 e5 31. Be3 Be6 32. h4 Bd4 33. a4 h6 34. Rg1 a6 35. Bf3 Rf7 36. g4 Bxe3 37. Kxe3 f4+ 38. Kd3 Rd7+ 39. Kc3 Kf6 40. Rd1 Rd4 41. Ra1 Bd7 42. Ra2 Ke7 43. Rd2 Bc6 44. Rxd4 cxd4+ 45. Kd3 Kd6 46. Bd1 Kc5 47. f3 Kb4 48. Kc2 0-1